 Dungeon Crawl Stone Soup version 0.25-a0-73-g9796ba8d15 (webtiles) character file.

Game seed: 998800913910384066, levelgen mode: deterministic

96800 CymothoaExigua the Earth Mage (level 16, -8/139 HPs)
             Began as an Octopode Earth Elementalist on Nov 5, 2019.
             Was a High Priest of Vehumet.
             Mangled by a +6 war axe of distortion (18 damage)
             ... on level 1 of the Elven Halls.
             The game lasted 01:16:07 (38598 turns).

CymothoaExigua the Earth Mage (OpEE)               Turns: 38598, Time: 01:16:07

Health: -8/139     AC: 27    Str: 11    XL:     16   Next: 17%
Magic:  25/31      EV: 25    Int: 26    God:    Vehumet [*****.]
Gold:   743        SH:  7    Dex: 25    Spells: 3/38 levels left

rFire    + . .     SeeInvis .   R - +9 broad axe "Ineitroi" {venom, rC+ Dex+4}
rCold    + . .     Gourm    .   E - +1 buckler "Biag" {rPois Dex+3}
rNeg     + + +     Faith    .   (helmet restricted)
rPois    ∞         Spirit   .   i - amulet of magic regeneration
rElec    +         Reflect  .   u - ring of Daisies {Fire *Corrode rElec rN+ Int+4}
rCorr    +         Harm     .   (no ring)
MR       ++...                  P - ring of resist corrosion
Stlth    ++++......             t - +4 ring of dexterity
HPRegen  0.33/turn              n - ring of protection from magic
MPRegen  0.47/turn              r - ring "Tegegush" {rC+ rN+ Str+3}
                                w - ring of positive energy
                                S - ring of wizardry

@: statue-form, very slow
A: almost no armour, stealthy swim, amphibious, 8 rings, constrict 8, camouflage
1
a: End Transformation, Renounce Religion


You were on level 1 of the Elven Halls.
You worshipped Vehumet.
Vehumet was extremely pleased with you.
You were hungry.
You were a stone statue.
You visited 5 branches of the dungeon, and saw 25 of its levels.
You also visited: Ossuary and Volcano.

You collected 2901 gold pieces.
You spent 2158 gold pieces at shops.

Inventory:

Hand Weapons
 y - the +4 hunting sling of Putrescence {venom, +Blink rF++ Dex+3}
   (You found it on level 14 of the Dungeon)

   It poisons the ammo it fires.
   It affects your dexterity (+3).
   It greatly protects you from fire.
   It lets you blink.
 R - the +9 broad axe "Ineitroi" (weapon) {venom, rC+ Dex+4}
   (You found it on level 9 of the Dungeon)

   It poisons the flesh of those it strikes.
   It affects your dexterity (+4).
   It protects you from cold.
Missiles
 b - 249 stones
 h - 452 arrows
 T - a throwing net {!f}
 V - 17 curare-tipped darts (quivered)
Armour
 E - the +1 buckler "Biag" (worn) {rPois Dex+3}
   (You found it on level 7 of the Dungeon)

   It affects your dexterity (+3).
   It protects you from poison.
Magical Staves
 D - an uncursed staff of earth
Jewellery
 i - an amulet of magic regeneration (around mantle)
 n - a ring of protection from magic (on tentacle)
 r - the ring "Tegegush" (on tentacle) {rC+ rN+ Str+3}
   (You found it on level 2 of the Lair of Beasts)

   [ring of strength]

   It affects your strength (+3).
   It protects you from cold.
   It protects you from negative energy.
 t - a +4 ring of dexterity (on tentacle)
 u - the ring of Daisies (left tentacle) {Fire *Corrode rElec rN+ Int+4}
   (You acquired it on level 15 of the Dungeon)

   [ring of fire]

   It enhances your fire magic.
   It affects your intelligence (+4).
   It protects you from fire.
   It makes you vulnerable to cold.
   It insulates you from electricity.
   It protects you from negative energy.
   It may corrode you when you take damage.
 w - a ring of positive energy (on tentacle)
 L - an uncursed ring of see invisible
 P - a ring of resist corrosion (on tentacle)
 S - a ring of wizardry (on tentacle)
Wands
 v - a wand of flame (34)
 A - a wand of enslavement (14)
 I - a wand of paralysis (14)
 U - a wand of digging (7)
 Z - a wand of iceblast (7)
Scrolls
 d - a scroll of immolation
 f - 9 scrolls of teleportation {@r3}
 j - 4 scrolls of blinking
 k - a scroll of fear
 q - 10 scrolls of remove curse {@r2}
 B - 3 scrolls of fog
 C - 5 scrolls of magic mapping
 Y - a scroll of summoning
Potions
 a - 5 potions of flight
 e - 12 potions of curing {@q1}
 l - 7 potions of resistance
 o - 3 potions of agility
 p - a potion of magic {unknown}
 x - 3 potions of mutation {unknown}
 z - 3 potions of invisibility
 F - 4 potions of brilliance
 G - 5 potions of might
 H - 2 potions of haste
 J - 3 potions of cancellation
 M - 2 potions of lignification
 O - 4 potions of ambrosia
 W - 3 potions of heal wounds
Miscellaneous
 N - a lamp of fire
 X - a sack of spiders
Comestibles
 c - 15 rations
 g - a chunk of flesh


   Skills:
 + Level 8.8 Fighting
 * Level 4.8 Axes
 - Level 12.0 Dodging
 - Level 2.6 Stealth
 - Level 4.0 Shields
 + Level 11.9 Spellcasting
 - Level 7.0 Conjurations
   Level 3.0 Charms
 - Level 2.0 Necromancy
 - Level 2.0 Translocations
 - Level 6.0 Transmutations
 - Level 1.0 Air Magic
 + Level 15.9 Earth Magic
 - Level 1.1 Poison Magic
 - Level 6.0 Evocations


You had 3 spell levels left.
You knew the following spells:

 Your Spells              Type           Power        Failure   Level  Hunger
a - Sandblast             Erth           ######       0%          1    None
b - Stone Arrow           Conj/Erth      ######       1%          3    None
c - Passwall              Tmut/Erth      ######..     1%          2    None
d - Lee's Rapid Deconstr  Erth           #######...   1%          5    ###....
e - Blink                 Tloc           N/A          1%          2    None
f - Mephitic Cloud        Conj/Pois/Air  ####....     1%          3    None
g - Conjure Flame         Conj/Fire      ######..     1%          3    None
h - Statue Form           Tmut/Erth      ######...    2%          6    #####..
i - Iron Shot             Conj/Erth      ######....   1%          6    #####..
j - Animate Skeleton      Necr           N/A          1%          1    None
k - Summon Butterflies    Summ           ###.....     1%          1    None
l - Sticks to Snakes      Tmut           #####...     1%          2    None

Your spell library contained the following spells:

 Spells                   Type           Power        Failure   Level  Hunger
 Lightning Bolt           Conj/Air       #####.....   2%          5    ###....
 Apportation              Tloc           ####..       1%          1    None
 Beastly Appendage        Tmut           #####.       1%          1    None
 Confusing Touch          Hex            ###...       1%          1    None
 Corona                   Hex            ###....      1%          1    None
 Magic Dart               Conj           ####         1%          1    None
 Summon Small Mammal      Summ           ###.         1%          1    None
 Poisonous Vapours        Pois/Air       ###...       1%          2    None
 Searing Ray              Conj           ######       1%          2    None
 Dazzling Spray           Conj/Hex       ####..       1%          3    None
 Gell's Gravitas          Tloc           ####......   1%          3    None
 Lesser Beckoning         Tloc           ####......   1%          3    None
 Spider Form              Tmut/Pois      ####......   1%          3    None
 Call Imp                 Summ           ###.....     2%          2    None
 Ensorcelled Hibernation  Hex/Ice        ###...       2%          2    None
 Slow                     Hex            ###.....     2%          2    None
 Portal Projectile        Hex/Tloc       ###...       3%          3    None
 Confuse                  Hex            ###.....     4%          3    None
 Tukima's Dance           Hex            ###.....     4%          3    None
 Force Lance              Conj/Tloc      #####...     1%          4    None
 Fulminant Prism          Conj/Hex       ####......   1%          4    None
 Iskenderun's Mystic Bla  Conj           ######..     1%          4    None
 Leda's Liquefaction      Hex/Erth       ######....   1%          4    None
 Petrify                  Tmut/Erth      ######..     1%          4    None
 Bolt of Magma            Conj/Fire/Erth ######....   1%          5    ###....
 Blade Hands              Tmut           #####.....   3%          5    ###....
 Ice Form                 Ice/Tmut       ####....     4%          4    None
 Alistair's Intoxication  Tmut/Pois      ####....     10%         5    ###....
 Summon Lightning Spire   Summ/Air       ###.....     12%         4    None
 Conjure Ball Lightning   Conj/Air       #####.....   12%         6    #####..
 Bolt of Cold             Conj/Ice       ####......   14%         6    #####..
 Freezing Cloud           Conj/Ice/Air   ####......   21%         6    #####..
 Silence                  Hex/Air        ###.......   32%         5    ###....
 Metabolic Englaciation   Hex/Ice        ###.......   38%         5    ###....
 Shatter                  Erth           #######...   45%         9    #######
 Ozocubu's Refrigeration  Ice            ###.......   47%         6    #####..
 Dispersal                Tloc           ####......   65%         6    #####..
 Deflect Missiles         Chrm/Air       ####......   67%         6    #####..
 Simulacrum               Ice/Necr       ###.......   80%         6    #####..
 Invisibility             Hex            ###.....     90%         6    #####..
 Ring of Flames           Chrm/Fire      ####......   99%         7    ######.
 Controlled Blink         Tloc           N/A          100%        8    #######
 Disjunction              Tloc           ####......   100%        8    #######
 Tornado                  Air            ###.......   100%        9    #######


Dungeon Overview and Level Annotations

Branches:
Dungeon (15/15)            Temple (1/1) D:6            Lair (6/6) D:9
 Shoals (0/4) Lair:4       Spider (0/4) Lair:4          Orc (2/2) D:11
    Elf (1/3) Orc:2        Vaults (0/5) D:14         Depths (0/5) D:15
Ossuary (visited)         Volcano (visited)
  Slime: Lair:5-6

Altars:
Ashenzari
Cheibriados
Dithmenos
Elyvilon
Fedhas
Gozag
Hepliaklqana
Kikubaaqudgha
Makhleb
Nemelex Xobeh
Okawaru
Qazlal
Ru
Sif Muna
Trog
Uskayaw
Vehumet
Wu Jian
Xom
Yredelemnul
Zin
The Shining One

Shops:
D:4 :   D:5 [   D:8 [   D:11 [   D:13 :   D:14 !   Orc:2 ?*(![*

Annotations:
Lair:2 1 runed translucent door, Guimpusk's ghost, journeyman DgTm
Lair:6 Snorg


Innate Abilities, Weirdness & Mutations

You cannot wear most types of armour.
You are very stealthy in the water. (Stealth+)
You are amphibious.
You can wear up to eight rings at the same time.
You can use your tentacles to constrict eight enemies at once.
Your skin changes colour to match your surroundings (Stealth+).
((Your rubbery body absorbs attacks. (AC +1, EV +1)))


Message History

You slash the +6 war axe of distortion!
You revert to your normal fleshy form.
You constrict the +6 war axe of distortion.
The +6 war axe of distortion closely misses you.
The +6 war axe of distortion hits you!
* * * LOW HITPOINT WARNING * * *
You blink.
You lose your grip on the +6 war axe of distortion.
Casting: Lee's Rapid Deconstruction (safe; 1% risk of failure)
You turn into a living statue of rough stone.
You are feeling hungry.
The +6 war axe of distortion completely misses you.
The deep elf mage mumbles some strange words.
The deep elf mage blinks!
You hit the +6 war axe of distortion.
Your grab misses the +6 war axe of distortion.
The +6 war axe of distortion hits you!
* * * LOW HITPOINT WARNING * * *
Space warps horribly around you!!
You die...

#.....# .# .
+#...'## .# .(
#...#.#####.# #..#
##.###.##...#.§.##
#. ##'#.#('e..'.
## ##.).)# #..).)#
#########.....#
+e.(8.§>'.....#
#########.......#
#..)..#.#
##........
##.....## ######


You could see a deep elf mage and a +6 war axe of distortion.

Vanquished Creatures
  Jorgrun (D:14)
  Nessos (D:14)
  A deep elf annihilator (Elf:1)
  A yaktaur captain (D:15)
  Fannar (D:12)
  A rakshasa (D:15)
  A great orb of eyes (D:14)
  4 hydras
  5 centaur warriors
  8 two-headed ogres
  3 orc high priests (Orc:2)
  5 tengu warriors
  Urug (D:10)
  Sonja (Lair:2)
  A fire crab (Lair:5)
  6 skeletal warriors
  A deep elf knight (Elf:1)
  An obsidian statue (Volcano)
  2 unseen horrors (D:11)
  A deep elf archer (Elf:1)
  A wolf spider zombie (D:15)
  7 orc sorcerers
  3 oklob plants (Lair:1)
  An orb spider (shapeshifter) (D:14)
  4 ugly things
  5 orc knights
  15 deep elf magi
  A cyclops (Orc:2)
  2 manticores
  A merfolk siren (Lair:4)
  A smoke demon (Volcano)
  5 black mambas
  6 spiny frogs
  10 elephants (Lair:4)
  The ghost of grouchysmurf the Reanimator, a novice DDNe (D:4)
  2 gargoyles
  4 centaur skeletons
  2 kobold demonologists (D:12)
  A yaktaur (shapeshifter) (D:14)
  A komodo dragon (shapeshifter) (D:14)
  7 yaktaurs
  3 efreet
  2 komodo dragons
  A red devil (Volcano)
  3 tengu conjurers
  3 meliai (D:13)
  A troll (D:9)
  Prince Ribbit (D:9)
  A merfolk (Lair:4)
  A hornet (D:13)
  13 slime creatures
  7 hippogriffs
  22 blink frogs
  A meliai zombie (D:15)
  A centaur simulacrum (D:15)
  3 shadows
  2 yaks (shapeshifter)
  2 redbacks (Lair:4)
  5 wyverns
  42 yaks
  2 vampires
  7 fire bats (Volcano)
  A basilisk (D:15)
  2 wraiths
  6 vampire mosquitoes
  6 humans (D:7)
  A steam dragon (D:10)
  A warg (Orc:1)
  An acid dragon (D:14)
  4 hell hounds
  9 water moccasins
  9 porcupines
  Duvessa (D:7)
  22 orc warriors
  A swamp drake (D:7)
  An eye of draining (D:14)
  3 sky beasts
  5 ice beasts
  A black bear (D:8)
  4 phantoms
  6 wolves
  A hornet zombie (D:13)
  15 ogres
  4 boggarts (D:13)
  2 necrophages
  12 centaurs
  8 crocodiles
  5 big kobolds
  16 bullfrogs
  A water moccasin zombie (Ossuary)
  3 wyvern skeletons
  Dowan (D:7)
  6 scorpions
  4 killer bees (D:13)
  9 wights
  7 howler monkeys
  An electric eel (Lair:4)
  6 crimson imps
  2 bullfrog zombies
  5 lava snakes (Volcano)
  2 quasits
  3 jellies
  4 centaur zombies
  24 orc priests
  2 bullfrog skeletons (D:10)
  2 hounds
  5 iguanas
  22 orc wizards
  12 worker ants
  3 killer bee zombies
  A hound zombie (D:5)
  12 mummies
  2 howler monkey zombies (Ossuary)
  9 worker ant zombies
  2 howler monkey skeletons
  12 adders
  4 shadow imps
  An ooze (D:5)
  3 adder zombies
  5 adder skeletons
  A worm (D:2)
  5 dart slugs
  6 leopard geckos
  101 orcs
  A ball python (D:4)
  10 giant cockroaches
  9 goblins
  10 hobgoblins
  17 jackals
  4 quokkas
  4 bats
  8 frilled lizards
  4 giant cockroach zombies (Ossuary)
  40 kobolds
  3 leopard gecko zombies (Ossuary)
  4 quokka skeletons
  2 quokka zombies (Ossuary)
  10 rats
810 creatures vanquished.

Vanquished Creatures (others)
  A centaur skeleton (D:14)
  5 fungi
  5 plants
  A withered plant (Ossuary)
12 creatures vanquished.

Grand Total: 822 creatures vanquished

Notes
Turn   | Place    | Note
-------+----------+-------------------------------------------
     0 | D:1      | CymothoaExigua the Octopode Earth Elementalist began the
                  | quest for the Orb.
     0 | D:1      | Reached XP level 1. HP: 11/11 MP: 3/3
   198 | D:1      | Reached skill level 1 in Fighting
   209 | D:1      | Reached XP level 2. HP: 16/18 MP: 0/5
   751 | D:1      | Reached XP level 3. HP: 23/24 MP: 4/6
  1271 | D:1      | Learned a level 3 spell: Stone Arrow
  1274 | D:1      | Learned a level 2 spell: Passwall
  1716 | D:2      | Reached XP level 4. HP: 29/29 MP: 7/7
  2156 | D:3      | Reached skill level 4 in Earth Magic
  2367 | D:3      | Reached XP level 5. HP: 34/34 MP: 8/8
  3194 | D:4      | Noticed an ogre
  3200 | D:4      | Killed an ogre
  3200 | D:4      | Reached skill level 1 in Evocations
  3200 | D:4      | Reached XP level 6. HP: 39/39 MP: 6/10
  3208 | D:4      | Reached skill level 5 in Earth Magic
  3271 | D:4      | Reached XP level 7. HP: 38/45 MP: 6/12
  3393 | D:4      | Found a transporter.
  3527 | D:4      | Found Vuv Dablityc's Book Emporium.
  4009 | D:4      | Found a shadowy altar of Dithmenos.
  4042 | D:4      | You fall into a shaft and drop 2 floors!
  4054 | D:5      | Entered Level 5 of the Dungeon
  4072 | D:5      | Reached skill level 6 in Earth Magic
  4091 | D:5      | Learned a level 5 spell: Lee's Rapid Deconstruction
  4139 | D:4      | Found a transporter.
  4139 | D:4      | Noticed grouchysmurf's ghost (novice DDNe)
  5051 | D:5      | Reached skill level 1 in Conjurations
  5110 | D:5      | Reached XP level 8. HP: 50/50 MP: 11/14
  5168 | D:5      | Found Rowkuev's Antique Armour Boutique.
  6241 | D:7      | Got a distressingly furry buckler
  6247 | D:7      | Identified the +1 buckler "Biag" {rPois Dex+3} (You found
                  | it on level 7 of the Dungeon)
  6254 | D:7      | Found a sand-covered staircase.
  6263 | Ossuary  | Entered an ossuary
  6276 | Ossuary  | Reached skill level 7 in Earth Magic
  6308 | Ossuary  | Reached skill level 1 in Shields
  7154 | D:7      | Reached XP level 9. HP: 53/54 MP: 9/16
  7224 | D:7      | Got a bound ivory amulet
  7377 | D:7      | Reached skill level 5 in Spellcasting
  7406 | D:7      | Reached skill level 8 in Earth Magic
  8019 | D:7      | Reached skill level 9 in Earth Magic
  8623 | D:7      | Reached skill level 10 in Earth Magic
  8638 | D:7      | Noticed Dowan
  8761 | D:7      | Learned a level 2 spell: Blink
  8765 | D:7      | Learned a level 3 spell: Mephitic Cloud
  8802 | D:7      | Reached skill level 1 in Translocations
  8802 | D:7      | Reached XP level 10. HP: 60/60 MP: 12/19
  8817 | D:7      | Killed Dowan
  9353 | D:7      | Noticed Duvessa
  9375 | D:7      | Killed Duvessa
  9739 | D:7      | Learned a level 3 spell: Conjure Flame
  9841 | D:6      | Found a staircase to the Ecumenical Temple.
  9883 | Temple   | Entered the Ecumenical Temple
 10248 | Temple   | Became a worshipper of Vehumet
 10249 | Temple   | Identified the amulet "Voustofe" {Spirit rF- Str+7 Dex+4}
                  | (You found it on level 7 of the Dungeon)
 10582 | D:6      | Reached skill level 11 in Earth Magic
 11328 | D:8      | Reached * piety under Vehumet
 11328 | D:8      | Offered knowledge of Freeze by Vehumet.
 11782 | D:8      | Found Pamor's Antique Armour Boutique.
 12111 | D:9      | Reached skill level 5 in Dodging
 12184 | D:9      | You fall into a shaft and drop 2 floors!
 12425 | D:11     | Noticed an unseen horror
 12434 | D:11     | Killed an unseen horror
 12503 | D:10     | Entered Level 10 of the Dungeon
 12504 | D:10     | Noticed Urug
 12834 | D:11     | Reached XP level 11. HP: 65/65 MP: 5/20
 12863 | D:11     | Reached skill level 12 in Earth Magic
 12945 | D:11     | Noticed a two-headed ogre
 13207 | D:11     | Killed a two-headed ogre
 13313 | D:11     | Noticed a tengu warrior
 13415 | D:9      | Found a staircase to the Lair.
 13442 | D:9      | Offered knowledge of Throw Frost by Vehumet.
 13504 | D:9      | Reached ** piety under Vehumet
 13617 | D:9      | Got a crystal broad axe
 14165 | D:9      | Noticed a two-headed ogre
 14240 | D:9      | Killed a two-headed ogre
 14338 | D:9      | Noticed Prince Ribbit
 14345 | D:9      | Killed Prince Ribbit
 14680 | D:8      | Identified the +9 broad axe "Ineitroi" {venom, rC+ Dex+4}
                  | (You found it on level 9 of the Dungeon)
 14784 | D:10     | Noticed a two-headed ogre
 14790 | D:10     | Killed a two-headed ogre
 14790 | D:10     | Reached skill level 5 in Conjurations
 14806 | D:10     | Noticed a two-headed ogre
 15156 | D:10     | Killed Urug
 15192 | D:9      | Offered knowledge of Throw Flame by Vehumet.
 15342 | D:9      | Reached XP level 12. HP: 23/75 MP: 15/23
 16040 | D:10     | Killed a two-headed ogre
 16040 | D:10     | Reached skill level 13 in Earth Magic
 16370 | D:10     | Reached *** piety under Vehumet
 17053 | D:11     | Offered knowledge of Ignite Poison by Vehumet.
 17070 | D:11     | Learned a level 3 spell: Ignite Poison
 17107 | D:11     | Found Peny's Antique Armour Shoppe.
 17140 | D:11     | Reached skill level 5 in Fighting
 17218 | D:11     | Killed a tengu warrior
 17218 | D:11     | Reached skill level 1 in Air Magic
 17218 | D:11     | Reached skill level 1 in Poison Magic
 17490 | D:11     | Reached **** piety under Vehumet
 17492 | D:11     | Found a staircase to the Orcish Mines.
 17835 | D:12     | Offered knowledge of Iskenderun's Battlesphere by Vehumet.
 18033 | D:12     | Noticed a seven-headed hydra
 18048 | D:12     | Killed a seven-headed hydra
 18050 | D:12     | Noticed Fannar
 18693 | D:12     | Killed Fannar
 18792 | D:12     | Reached skill level 10 in Dodging
 19194 | D:12     | Learned a level 5 spell: Iskenderun's Battlesphere
 19208 | D:13     | Reached XP level 13. HP: 81/81 MP: 14/25
 19594 | D:13     | Reached skill level 1 in Charms
 19594 | D:13     | Reached skill level 14 in Earth Magic
 19718 | D:13     | Learned a level 1 spell: Animate Skeleton
 20365 | D:13     | Reached skill level 1 in Necromancy
 21453 | D:13     | Found Ogusoemp's Book Shoppe.
 21689 | D:14     | Noticed Nessos
 21700 | D:14     | Killed Nessos
 22117 | Lair:1   | Entered Level 1 of the Lair of Beasts
 22760 | Lair:1   | Reached ***** piety under Vehumet
 22964 | Lair:1   | Offered knowledge of Bolt of Magma by Vehumet.
 22991 | Lair:1   | Learned a level 5 spell: Bolt of Magma
 23535 | Lair:2   | Noticed Sonja
 23590 | Lair:2   | Killed Sonja
 23673 | Lair:2   | Reached XP level 14. HP: 60/88 MP: 23/27
 23682 | Lair:2   | Found a dark tunnel.
 23690 | Volcano  | Entered a volcano
 23993 | Volcano  | Found a burning altar of Makhleb.
 24271 | Volcano  | Reached skill level 5 in Evocations
 24619 | Lair:2   | Found a runed translucent door.
 24623 | Lair:2   | Noticed Guimpusk's ghost (journeyman DgTm)
 24890 | Lair:2   | Got a coiled glass ring
 25209 | Lair:2   | Identified the ring "Tegegush" {rC+ rN+ Str+3} (You found
                  | it on level 2 of the Lair of Beasts)
 25271 | Lair:2   | Learned a level 1 spell: Summon Butterflies
 26531 | Lair:4   | Found a staircase to the Shoals.
 26733 | Lair:4   | Reached skill level 15 in Earth Magic
 26747 | Lair:4   | Got an ivory spear
 27987 | Lair:4   | Found a hole to the Spider Nest.
 28233 | Lair:4   | Reached skill level 10 in Spellcasting
 28475 | Lair:4   | Learned a level 2 spell: Sticks to Snakes
 28486 | Lair:5   | Found a runed translucent door.
 29621 | Lair:5   | Offered knowledge of Olgreb's Toxic Radiance by Vehumet.
 30340 | Lair:6   | Entered Level 6 of the Lair of Beasts
 30342 | Lair:6   | Noticed Snorg
 31090 | D:4      | Killed grouchysmurf's ghost
 31384 | Orc:1    | Entered Level 1 of the Orcish Mines
 32191 | D:14     | Reached XP level 15. HP: 87/94 MP: 7/29
 32313 | D:14     | Found Tuog's Distillery.
 32326 | D:14     | Bought a potion of heal wounds for 65 gold pieces
 32326 | D:14     | Bought a potion of invisibility for 104 gold pieces
 32326 | D:14     | Bought a potion of invisibility for 104 gold pieces
 32326 | D:14     | Bought a potion of lignification for 39 gold pieces
 32326 | D:14     | Bought a potion of ambrosia for 104 gold pieces
 33196 | D:14     | Noticed Jorgrun
 33206 | D:14     | Killed Jorgrun
 33273 | D:14     | Found a gate to the Vaults.
 33326 | D:14     | Reached skill level 5 in Transmutations
 33838 | D:14     | Identified the cursed +1 spear of Youthful Indiscretion
                  | {freeze, rF- rN++ Str+6} (You found it on level 4 of the
                  | Lair of Beasts)
 33847 | D:14     | Got a translucent hunting sling
 33851 | D:14     | Identified the +4 hunting sling of Putrescence {venom,
                  | +Blink rF++ Dex+3} (You found it on level 14 of the
                  | Dungeon)
 33893 | D:15     | Entered Level 15 of the Dungeon
 35983 | D:15     | Found a staircase to the Depths.
 36096 | D:15     | Identified a scroll of acquirement
 36099 | D:15     | Got a steaming tin ring
 36102 | D:15     | Identified the ring of Daisies {Fire *Corrode rElec rN+
                  | Int+4} (You acquired it on level 15 of the Dungeon)
 36200 | D:13     | Bought a book of the Earth for 975 gold pieces
 36209 | D:13     | Learned a level 6 spell: Statue Form
 36216 | D:13     | Learned a level 6 spell: Iron Shot
 36897 | Orc:2    | Entered Level 2 of the Orcish Mines
 36897 | Orc:2    | Found Ynide's Assorted Antiques.
 36897 | Orc:2    | Found a burning altar of Makhleb.
 36900 | Orc:2    | Paralysed by an orc sorcerer for 7 turns
 36907 | Orc:2    | Offered knowledge of Lightning Bolt by Vehumet.
 36909 | Orc:2    | Reached skill level 1 in Axes
 37108 | Orc:2    | Found Lisuibre's Antique Armour Emporium.
 37214 | Orc:2    | Found Ripnaogau's Distillery.
 37310 | Orc:2    | Bought a silver ring for 150 gold pieces
 37310 | Orc:2    | Bought a scroll of blinking for 225 gold pieces
 37310 | Orc:2    | Bought a scroll of teleportation for 90 gold pieces
 37310 | Orc:2    | Bought a glowing glass wand for 120 gold pieces
 37401 | Orc:2    | Found a staircase to the Elven Halls.
 38021 | Orc:2    | Found Raicekh's Assorted Antiques.
 38093 | Orc:2    | Found Mepoiduu's Weapon Boutique.
 38095 | Orc:2    | Found Asouqomuoze's Magic Scroll Shoppe.
 38167 | Orc:2    | Bought a scroll of fear for 45 gold pieces
 38167 | Orc:2    | Bought a scroll of identify for 26 gold pieces
 38167 | Orc:2    | Bought a scroll of identify for 26 gold pieces
 38167 | Orc:2    | Bought a scroll of identify for 26 gold pieces
 38172 | Orc:2    | Bought 2 fizzy green potions for 59 gold pieces
 38341 | Elf:1    | Entered Level 1 of the Elven Halls
 38353 | Elf:1    | Reached XP level 16. HP: 106/106 MP: 31/31
 38598 | Elf:1    | Mangled by a +6 war axe of distortion

Levels and vault maps discovered:
D:1:      zaba_arrival_water, layout_loops_ring, chequers_arboretum
D:2:      layout_rooms
D:3:      layout_basic, first_ration, hangedman_decor_points
D:4:      layout_loops_ring, kennysheep_little_box, serial_rivers,
          chequers_serial_rivers_micro_c, chequers_serial_rivers_micro_c,
          chequers_serial_rivers_room_a, chequers_serial_rivers_micro_b,
          gammafunk_ghost_mausoleum, serial_shops, shop,
          kennysheep_opposing_triangles
D:5:      kennysheep_kobold_camp, layout_basic, serial_shops, shop,
          hangedman_minor_gate_pass
D:6:      cheibrodos_barr_body, layout_cave_pools,
          minmay_temple_entry_sparse_star
D:7:      layout_loops_cross, gup_ossuary_entry_pyramid, grunt_ogre_cave,
          minmay_ruffians, uniq_duvessa
D:8:      layout_loops_ring, serial_shops, shop_statue, serial_bayou_pond_b
D:9:      layout_cave_pods, david_lair_shrubbed, uniq_prince_ribbit1
D:10:     layout_basic, uniq_urug
D:11:     layout_roguey, hiddenorc1_lemuel, serial_shops,
          nicolae_shop_temple_entry_statues_fountains
D:12:     layout_roguey, minmay_misc_feat_tiny, uniq_fannar
D:13:     layout_loops_ring, serial_shops, kennysheep_mini,
          minmay_misc_feat_nine_boxes
D:14:     minmay_concentric_multi, layout_basic, serial_shops,
          nicolae_shop_stone, minmay_misc_feat_plants,
          chequers_serial_rivers_small_a, uniq_nessos, uniq_jorgrun
D:15:     grunt_enter_depths_snipers, layout_stronghold,
          hangedman_decor_cross_pass
Temple:   kilobyte_greek_temple
Lair:1:   layout_regular_city, grunt_megastairs_5, serial_bayou_shore_b,
          minmay_lair_oklob_chamber
Lair:2:   layout_cave_pods, ebering_ghost_inner_flame, enter_volcano_3,
          uniq_sonja
Lair:3:   layout_chaotic_city
Lair:4:   beast_lair_carwin_large_3, layout_cave_pods, elwin_shoals_entry_rooms,
          spider_nest_entry_webs, minivault_27, infiniplex_staircase_pool_2,
          serial_bayou_shore_b, serial_bayou_shore_b
Lair:5:   gammafunk_mikee_crab_dinner, layout_regular_city,
          beast_lair_carwin_11, grunt_megastairs_3, serial_bayou_shore_a
Lair:6:   wormcave, layout_hall_layers, minmay_slime_entry_pillars,
          grunt_megastairs_2, uniq_snorg
Orc:1:    minmay_goldmine, layout_diamond_mine
Orc:2:    st_orc_elflike, layout_caves, serial_shops, shop, shop_statue,
          basic_altar, nicolae_orc_crystal_geode
Elf:1:    eino_elf_arrival_customs, layout_geoelf_octagon,
          minmay_elf_annihilation

Skill      XL: |  1  2  3  4  5  6  7  8  9 10 11 12 13 14 15 16 |
---------------+-------------------------------------------------+-----
Fighting       | 1 2 4 5 6 8 |  8.8
Earth Magic    | 4 5 6 7 10 11 12 13 14 15 | 15.9
Spellcasting   | 3 4 6 7 8 9 10 11 | 11.9
Evocations     | 1 2 4 6 |  6.0
Dodging        | 3 4 5 7 10 11 12 | 12.0
Conjurations   | 1 2 3 5 6 7 |  7.0
Shields        | 3 4 |  4.0
Translocations | 1 2 |  2.0
Air Magic      | 1 |  1.0
Poison Magic   | 1 |  1.1
Charms         | 3 |  3.0
Necromancy     | 2 |  2.0
Transmutations | 4 6 |  6.0
Axes           | 3 4 |  4.8
Stealth        | |  2.6

Action                   |  1- 3 |  4- 6 |  7- 9 | 10-12 | 13-15 | 16-18 || total
-------------------------+-------+-------+-------+-------+-------+-------++-------
Melee: Unarmed           |     9 |       |       |       |       |       ||     9
       Constrict         |    30 |    21 |    74 |    44 |    49 |    11 ||   229
       Tentacles         |    17 |    11 |    69 |    71 |    55 |    12 ||   235
       Whip              |    73 |     4 |       |       |       |       ||    77
       Dagger            |       |    72 |   274 |   143 |       |       ||   489
       Broad axe         |       |       |       |   107 |   232 |    41 ||   380
 Cast: Sandblast         |    16 |    28 |    85 |   126 |   181 |       ||   436
       Lee's Rapid Decon |       |       |     7 |    49 |   107 |     2 ||   165
       Stone Arrow       |       |       |    59 |   137 |   402 |     1 ||   599
       Mephitic Cloud    |       |       |       |     7 |     5 |       ||    12
       Blink             |       |       |       |     1 |     2 |       ||     3
       Statue Form       |       |       |       |       |    12 |     3 ||    15
Evoke: Wand              |       |       |     5 |     3 |     4 |       ||    12
       Lamp of fire      |       |       |       |       |     1 |       ||     1
  Use: Scroll            |       |     3 |     6 |    12 |    23 |       ||    44
       Potion            |       |       |       |     3 |       |       ||     3
 Stab: Sleeping          |     8 |     8 |     8 |     9 |     4 |       ||    37
       Distracted        |     1 |       |     1 |     2 |     1 |       ||     5
       Confused          |       |       |       |     1 |     2 |       ||     3
  Eat: Chunk             |     3 |     5 |    19 |    35 |    40 |     2 ||   104
       Ration            |       |       |     1 |     4 |    12 |       ||    17
Armor: Skin              |     2 |     8 |    20 |    23 |    63 |    32 ||   148
Dodge: Dodged            |    48 |    47 |   202 |   263 |   454 |    73 ||  1087
Block: Buckler           |       |       |    32 |   114 |   201 |    31 ||   378

Table legend:
 A = Non-vault XP
 B = Vault XP
 C = Vault XP percentage of total XP
 D = Non-vault monster count
 E = Vault monster count
 F = Vault count percentage of total count
                 A         B        C        D         E       F
            +---------+---------+-------+---------+---------+-------
      Total |   82811 |   55476 |  40.1 |     576 |     234 |  28.9
            +---------+---------+-------+---------+---------+-------
        D:1 |      41 |       0 |   0.0 |      22 |       0 |   0.0
        D:2 |      49 |       0 |   0.0 |      25 |       0 |   0.0
        D:3 |     146 |       0 |   0.0 |      33 |       0 |   0.0
        D:4 |     558 |     505 |  47.5 |      16 |       7 |  30.4
        D:5 |     395 |     130 |  24.8 |      27 |      24 |  47.1
        D:6 |     402 |     757 |  65.3 |      18 |      12 |  40.0
        D:7 |    1386 |    1536 |  52.6 |      35 |      10 |  22.2
        D:8 |     886 |     205 |  18.8 |      14 |       2 |  12.5
        D:9 |    3650 |     634 |  14.8 |      36 |       2 |   5.3
       D:10 |    5871 |     847 |  12.6 |      39 |       1 |   2.5
       D:11 |    6869 |     295 |   4.1 |      41 |      17 |  29.3
       D:12 |    5407 |    1038 |  16.1 |      22 |       1 |   4.3
       D:13 |   11002 |       0 |   0.0 |      45 |       0 |   0.0
       D:14 |    4809 |   14542 |  75.1 |      16 |      24 |  60.0
       D:15 |   14625 |    2353 |  13.9 |      41 |       3 |   6.8
     Lair:1 |    2208 |    3787 |  63.2 |      15 |       8 |  34.8
     Lair:2 |    3383 |    1088 |  24.3 |      13 |       3 |  18.8
     Lair:3 |    2815 |       0 |   0.0 |      18 |       0 |   0.0
     Lair:4 |    3033 |    5860 |  65.9 |      13 |      14 |  51.9
     Lair:5 |    7063 |    1600 |  18.5 |      27 |       6 |  18.2
     Lair:6 |       0 |     698 | 100.0 |       0 |       2 | 100.0
      Orc:1 |     753 |     518 |  40.8 |      17 |      11 |  39.3
      Orc:2 |    3246 |    8359 |  72.0 |      36 |      25 |  41.0
      Elf:1 |    4214 |    6164 |  59.4 |       7 |      10 |  58.8
    Ossuary |       0 |     563 | 100.0 |       0 |      34 | 100.0
    Volcano |       0 |    3997 | 100.0 |       0 |      18 | 100.0
            +---------+---------+-------+---------+---------+-------
